 Dungeon Sprint DCSS version 0.26-a0-1026-g544776af23 (webtiles) character file.

Game seed: 6651215239550443993

1457 sahdkjhfkaj the Martial Artist (level 8, -26/61 (62) HPs)
             Began as an Octopode Transmuter on Dec 9, 2020.
             Was an Initiate of Gozag.
             Shot with a bolt by a yaktaur (32 damage)
             ... in the Dungeon (Sprint V: "Ziggurat Sprint").
             The game lasted 00:01:05 (284 turns).

sahdkjhfkaj the Martial Artist (Octopode Transmuter) Turns: 284, Time: 00:01:06

HP:   -26/61 (62)   AC:  1    Str: 22      XL:     8   Next: 76%
MP:   14/20         EV: 21    Int: 29      God:    Gozag
Gold: 981           SH:  0    Dex: 23 (24) Spells: 15/23 levels left

rFire    . . .     SeeInvis .     - Unarmed
rCold    . . .     Faith    .   (shield currently unavailable)
rNeg     . . .     Spirit   .   (helmet restricted)
rPois    .         Reflect  .   (no amulet)
rElec    .         Harm     .   x - +6 ring of strength
rCorr    .         Rampage  .   w - +6 ring of strength
Will     .....     NoTele   +   v - +6 ring of intelligence
Stlth    +++.......             u - +6 ring of intelligence
HPRegen  0.20/turn              s - +6 ring of dexterity
MPRegen  0.17/turn              t - +6 ring of dexterity
                                (no ring)
                                (no ring)

@: blade tentacles, wereblooded
A: almost no armour, stealthy swim, amphibious, 8 rings, constrict 8, camouflage
1, gelatinous body 1
a: End Transformation, Potion Petition, Call Merchant, Bribe Branch, Renounce
Religion


You were in the Dungeon.
You worshipped Gozag.
Gozag was pleased with you.
You had blades for tentacles.
You visited 1 branch You collected 981 gold pieces.

Inventory:

Jewellery
 s - a +6 ring of dexterity (on tentacle)
 t - a +6 ring of dexterity (on tentacle)
 u - a +6 ring of intelligence (on tentacle)
 v - a +6 ring of intelligence (on tentacle)
 w - a +6 ring of strength (right scythe-like blade)
 x - a +6 ring of strength (left scythe-like blade)
Wands
 y - a wand of disintegration (7)
 z - a wand of iceblast (7)
 A - a wand of acid (7)
Scrolls
 g - 3 scrolls of blinking
 l - 4 scrolls of amnesia
 m - 7 scrolls of fog
 n - a scroll of holy word
 o - 5 scrolls of identify
 p - 5 scrolls of remove curse
 q - 2 scrolls of fear
Potions
 a - 2 potions of brilliance
 b - 10 potions of curing
 c - 10 potions of heal wounds
 d - 5 potions of haste
 e - 6 potions of magic
 f - 3 potions of berserk rage
 h - a potion of invisibility
 i - 3 potions of resistance
 k - 4 potions of might


   Skills:
 + Level 8.7 Fighting
 + Level 8.9 Dodging
 + Level 9.2 Unarmed Combat
 + Level 8.2 Spellcasting
 + Level 8.9 Transmutations


You had 15 spell levels left.
You knew the following spells:

 Your Spells              Type           Power        Failure   Level
a - Beastly Appendage     Tmut           ######       8%          1
x - Wereblood             Tmut           ######..     9%          2
A - Blade Hands           Tmut           ######....   26%         5

Your spell library contained the following spells:

 Spells                   Type           Power        Failure   Level
 Spider Form              Tmut/Pois      #####.....   22%         3
 Freeze                   Ice            ##..         32%         1
 Ice Form                 Ice/Tmut       #####...     38%         4
 Frozen Ramparts          Ice            ##....       54%         3
 Ozocubu's Armour         Ice            ##......     54%         3
 Hailstorm                Conj/Ice       ##......     82%         4
 Summon Ice Beast         Ice/Summ       ##......     82%         4


Dungeon Overview and Level Annotations

Branches:
Dungeon (1/1)

Altars:
Ashenzari
Cheibriados
Dithmenos
Elyvilon
Fedhas
Gozag
Hepliaklqana
Kikubaaqudgha
Makhleb
Nemelex Xobeh
Okawaru
Qazlal
Ru
Sif Muna
Trog
Uskayaw
Vehumet
Wu Jian
Xom
Yredelemnul
Zin
The Shining One
Beogh
Jiyva
Lugonu

Annotations:
D 1 transporter


Innate Abilities, Weirdness & Mutations

You cannot wear most types of armour.
You are very stealthy in the water. (Stealth+)
You are amphibious.
You can wear up to eight rings at the same time.
You can use your tentacles to constrict eight enemies at once.
Your skin changes colour to match your surroundings (Stealth+).
Your rubbery body absorbs attacks. (AC +1, EV +1)


Message History

Things that are here:
2 bolts; an arrow Unknown command.
The centaur wields a +0 shortbow.
The centaur shoots an arrow.
The arrow barely misses you. The yaktaur completely misses you.
You slice the yaktaur!! You squeeze the yaktaur.
The yaktaur is heavily wounded.
The centaur shoots an arrow.
The arrow hits you!
* * * LOW HITPOINT WARNING * * *
The centaur unwields a +0 shortbow.
The centaur barely misses you.
Unknown command.
You slash the yaktaur! You squeeze the yaktaur.
The yaktaur is severely wounded.
The centaur shoots an arrow.
The arrow hits you.
* * * LOW HITPOINT WARNING * * *
The centaur completely misses you.
The yaktaur shoots a bolt.
The bolt hits you!!
Ouch! That really hurt!
You die...
Your body crumbles into a pile of gold.

▓.....▓.....▓.....▓
▓.....▓.....▓..©..▓
▓..©..▓..©..▓▓▓▓▓▓▓
▓▓▓▓▓▓▓▓▓▓▓▓▓▓▓▓▓▓▓
▓..8©8...▓..8©8...▓
▓..)|)...▓..).....▓
▓...)....▓..cc....▓
▓........▓c...c...▓
▓........▓...@c...▓
▓.▓....▓.▓.▓.(..▓.▓
▓...©....▓...©...(▓
▓▓▓▓▓▓▓▓▓▓▓▓▓▓▓▓▓▓▓


You could see 3 yaktaurs and 2 centaurs.

Vanquished Creatures
  A death drake (D)
  2 rime drakes (D)
  A hell hound (D)
  A floating eye (D)
  A crimson imp (D)
  2 quasits (D)
  2 jellies (D)
  An iron imp (D)
  A white imp (D)
  An ooze (D)
13 creatures vanquished.

Notes
Turn   | Place    | Note
-------+----------+-------------------------------------------
     0 | D        | sahdkjhfkaj the Octopode Transmuter began the quest for the
                  | Orb.
     0 | D        | Reached XP level 1. HP: 13/13 MP: 3/3
     0 | D        | Found a shimmering blue altar of Sif Muna.
     0 | D        | Found a sacrificial altar of Ru.
     0 | D        | Found a bloodstained altar of Trog.
     0 | D        | Found a stormy altar of Qazlal.
     0 | D        | Found an iron altar of Okawaru.
     0 | D        | Found a sparkling altar of Nemelex Xobeh.
     0 | D        | Found a blossoming altar of Fedhas.
     1 | D        | Found the +6 Majin-Bo {vamp, MP+6 Int+6}
     1 | D        | Found the +9 heavy crossbow "Sniper" {vorpal, Acc+∞ SInv}
     1 | D        | Found the +10 dark maul {vorpal}
     1 | D        | Found the +15 Maxwell's patent armour {-Cast -Tele rElec
                  | Will+ rCorr}
     1 | D        | Found the +18 shield of the Gong {rElec rN+ Will+ EV-5}
     1 | D        | Found the cursed +14 obsidian axe {vorpal, +Fly SInv
                  | *Curse}
     1 | D        | Found the +7 great mace "Firestarter" {inner flame, rF++}
     1 | D        | Found the +6 shillelagh "Devastator" {shatter}
     1 | D        | Found the +11 plutonium sword {*Contam Stlth-}
     1 | D        | Found the +8 lance "Wyrmbane" {slay drac, rPois rF+ rC+
                  | AC+3}
     1 | D        | Found the +9 sword of Zonguldrok {reap}
     1 | D        | Found the cursed +13 scythe of Curses {drain, *Curse}
     1 | D        | Found the +0 sword of Power
     1 | D        | Found the +7 mace of Variability {chain chaos}
     1 | D        | Found the +7 Singing Sword {vorpal, sonic wave}
     1 | D        | Found the +8 storm bow {elec, penet}
     2 | D        | Found a transporter.
     2 | D        | Found an ancient bone altar of Kikubaaqudgha.
     2 | D        | Found a viscous altar of Jiyva.
     2 | D        | Found a corrupted altar of Lugonu.
     2 | D        | Found a hazy altar of Hepliaklqana.
     2 | D        | Found a burning altar of Makhleb.
     2 | D        | Found an opulent altar of Gozag.
    31 | D        | Banished a spatial maelstrom
    34 | D        | Became a worshipper of Gozag Ym Sagoz the Greedy
    45 | D        | Reached skill level 4 in Unarmed Combat
    45 | D        | Reached XP level 2. HP: 21/21 MP: 3/6
    46 | D        | Entered arena 2.
    46 | D        | Noticed a rime drake
    46 | D        | Noticed a rime drake
    46 | D        | Found a transporter.
    51 | D        | Killed a rime drake
    52 | D        | Reached skill level 5 in Fighting
    52 | D        | Reached skill level 6 in Unarmed Combat
    52 | D        | Reached skill level 5 in Spellcasting
    52 | D        | Reached XP level 3. HP: 30/30 MP: 3/10
    52 | D        | Reached XP level 4. HP: 36/36 MP: 3/11
    52 | D        | Reached XP level 5. HP: 41/41 MP: 3/13
    52 | D        | Reached XP level 6. HP: 46/46 MP: 3/14
    53 | D        | Killed a rime drake
    54 | D        | Reached skill level 7 in Unarmed Combat
    54 | D        | Reached XP level 7. HP: 49/53 MP: 3/16
    66 | D        | Learned a level 2 spell: Wereblood
    72 | D        | Learned a level 5 spell: Blade Hands
    75 | D        | Entered arena 3.
    75 | D        | Found a transporter.
    82 | D        | Reached skill level 8 in Unarmed Combat
    87 | D        | Entered arena 4.
    87 | D        | Found a transporter.
    93 | D        | Reached XP level 8. HP: 55/61 MP: 14/19
   104 | D        | Entered arena 5.
   104 | D        | Noticed a death drake
   104 | D        | Found a transporter.
   109 | D        | Killed a death drake
   110 | D        | Reached skill level 9 in Unarmed Combat
   280 | D        | Entered arena 6.
   280 | D        | Noticed a yaktaur
   280 | D        | Noticed a yaktaur
   280 | D        | Noticed a yaktaur
   280 | D        | Found a transporter.
   281 | D        | Identified the amulet "Amankos" {Faith +Blink +Fly rElec}
   281 | D        | Identified the cursed +2 battleaxe of the Ageless Violins
                  | {distort, rN+ Str+3}
   284 | D        | Shot with a bolt by a yaktaur

Illustrated notes

Levels and vault maps discovered:
D:        sprint_v [room_start, room_1, room_2, room_3, room_4, room_5, room_6,
          room_7, room_8, room_9, room_10, room_11, room_12, room_13, room_14,
          room_15, room_16, room_17, room_18, room_19, room_20, room_21,
          room_22, room_23, room_24, room_25, room_26, room_27]

Skill      XL: |  1  2  3  4  5  6  7  8 |
---------------+-------------------------+-----
Fighting       | 3 5 6 7 8 |  8.7
Dodging        | 3 6 7 8 |  8.9
Unarmed Combat | 4 6 7 8 9 |  9.2
Spellcasting   | 3 5 6 7 8 |  8.2
Transmutations | 3 6 7 8 |  8.9

Action                   |  1- 3 |  4- 6 |  7- 9 || total
-------------------------+-------+-------+-------++-------
Melee: Unarmed           |     3 |     2 |    17 ||    22
       Tentacles         |     1 |       |     5 ||     6
       Constrict         |       |       |     2 ||     2
 Cast: Blade Hands       |       |       |     2 ||     2
       Wereblood         |       |       |     2 ||     2
  Use: Potion            |     5 |       |     1 ||     6
       Scroll            |       |       |     1 ||     1
 Stab: Sleeping          |     2 |       |       ||     2
       Invisible         |       |       |     1 ||     1
Armor: Skin              |       |       |     2 ||     2
Dodge: Dodged            |     2 |       |    22 ||    24

Table legend: (Time is in decaauts)
 A = Elapsed time spent in this place.
 B = Non-inter-level travel time spent in this place.
 C = Inter-level travel time spent in this place.
 D = Time resting spent in this place.
 E = Time spent auto-exploring this place.
 F = Levels seen in this place.
 G = Mean time per level.
                   A        B        C        D        E       F      G
               +--------+--------+--------+--------+--------+-----+--------+
         Total |    264 |    264 |      0 |    153 |     14 |   1 |  264.0 |
       Dungeon |    264 |    264 |      0 |    153 |     14 |   1 |  264.0 |
               +--------+--------+--------+--------+--------+-----+--------+

Top non-repeatable levels by time:
       D: 264 daAuts
